 Dungeon Crawl Stone Soup version 0.26.1-11-gd32895ea62 (webtiles) character file.

Game seed: 3926095092456107683

233 growler the Gusty (level 6, 0/32 HPs)
             Began as a Tengu Air Elementalist on May 20, 2021.
             Slain by a phantom (8 damage)
             ... on level 4 of the Dungeon.
             The game lasted 00:08:39 (4708 turns).

growler the Gusty (Tengu Air Elementalist)          Turns: 4708, Time: 00:08:39

Health: 0/32       AC:  2    Str:  8    XL:     6   Next: 5%
Magic:  1/12       EV: 15    Int: 18    God:
Gold:   188        SH:  0    Dex: 14    Spells: 6/12 levels left

rFire    . . .     SeeInvis .   u - +2 dagger (venom)
rCold    . . .     Faith    .   (no shield)
rNeg     . . .     Spirit   .   a - +0 robe
rPois    .         Reflect  .   (helmet restricted)
rElec    .         Harm     .   (no cloak)
rCorr    .         Rampage  .   (no gloves)
Will     .....                  (boots unavailable)
Stlth    ++........             (no amulet)
HPRegen  0.10/turn              (no ring)
MPRegen  0.13/turn              (no ring)

@: flying quickly and evasively, very slightly contaminated, quick
A: beak, talons 3, able to fly
a: Stop Flying


You were on level 4 of the Dungeon.
You visited 1 branch of the dungeon, and saw 4 of its levels.

You collected 188 gold pieces.

Inventory:

Hand Weapons
 g - a +0 dagger
   (You took it off a goblin on level 1 of the Dungeon)
 r - a +0 trident of freezing
   (You took it off an orc on level 3 of the Dungeon)
 u - a +2 dagger of venom (weapon)
   (You took it off a goblin on level 3 of the Dungeon)
Armour
 a - a +0 robe (worn)
Jewellery
 j - an uncursed amulet of magic regeneration {unknown}
   (You found it on level 1 of the Dungeon)
Wands
 x - a wand of acid (17)
   (You found it on level 3 of the Dungeon)
Scrolls
 b - 4 scrolls of remove curse {unknown}
 c - 3 scrolls of amnesia {unknown}
 e - 2 scrolls of enchant weapon {unknown}
 f - 3 scrolls of teleportation {unknown}
 i - 3 scrolls of blinking {unknown}
 m - a scroll of magic mapping {unknown}
 n - 4 scrolls of identify {unknown}
 t - a scroll of enchant armour {unknown}
Potions
 d - 2 potions of haste {@q3}
 h - 3 potions of flight {unknown}
 k - a potion of invisibility {unknown}
 l - a potion of might {unknown}
 o - a potion of resistance {unknown}
 p - a potion of magic {unknown}
 q - 2 potions of brilliance {unknown}
 s - 2 potions of curing {unknown}
 v - a potion of mutation {unknown}
 w - a potion of degeneration {unknown}


   Skills:
 - Level 2.1 Dodging
 - Level 2.0 Stealth
 + Level 3.5 Spellcasting
 + Level 4.5 Conjurations
 + Level 5.9 Air Magic


You had 6 spell levels left.
You knew the following spells:

 Your Spells              Type           Power        Failure   Level
a - Shock                 Conj/Air       88%          1%          1
d - Static Discharge      Conj/Air       22%          5%          3
s - Swiftness             Air            24%          1%          2

Your spell library contained the following spells:

 Spells                   Type           Power        Failure   Level
 Magic Dart               Conj           76%          2%          1
 Mephitic Cloud           Conj/Pois/Air  15%          11%         3
 Airstrike                Air            12%          14%         4
 Conjure Flame            Conj/Fire      11%          19%         3
 Blink                    Tloc           N/A          24%         2
 Call Imp                 Summ           3%           24%         2
 Slow                     Hex            3%           24%         2
 Lightning Bolt           Conj/Air       11%          45%         5


Dungeon Overview and Level Annotations

Branches:
Dungeon (4/15)
 Temple: D:4-7

Altars:
Trog

Shops:
D:4 ?


Innate Abilities, Weirdness & Mutations

You have a beak for a mouth.
You have claws for feet.
You can fly continuously.


Message History

Found an escape hatch in the ceiling.
Found 19 bolts.
There is an entrance to Nybryke's Magic Scroll Shoppe here.
You see here 19 bolts.
You see here 19 bolts.
There is a stone staircase leading down here.
Found 16 gold pieces.
You now have 188 gold pieces (gained 16).
Found 3 curare-tipped darts.
You see here 3 curare-tipped darts {!f}.
A ball python comes into view.
A ball python is nearby!
Aim: a ball python (asleep, 0% to evade)
The zap hits the ball python.
You kill the ball python!
A phantom comes into view.
Aim: a phantom (dormant, 0% to evade)
The zap hits the phantom.
Aim: a phantom (lightly damaged, 36% to evade)
The zap hits the phantom.
Aim: a phantom (lightly damaged, 36% to evade)
The zap hits the phantom.
The phantom blinks!
Aim: a phantom (moderately damaged, 36% to evade)
The zap misses the phantom.
Aim: a phantom (moderately damaged, 36% to evade)
The zap hits the phantom.
The phantom hits you.
The phantom blinks!
Aim: a phantom (moderately damaged, 36% to evade)
The zap hits the phantom.
Aim: a phantom (heavily damaged, 36% to evade)
The zap misses the phantom.
Aim: a phantom (heavily damaged, 36% to evade)
The zap misses the phantom.
The phantom hits you!
Aim: a phantom (heavily damaged, 36% to evade)
You miscast Shock.
You are very lightly contaminated with residual magic.
Nothing appears to happen.
The phantom closely misses you.
Aim: a phantom (heavily damaged, 36% to evade)
The zap hits the phantom.
The phantom hits you.
Aim: a phantom (heavily damaged, 36% to evade)
The zap hits the phantom!
The phantom misses you.
Aim: a phantom (severely damaged, 36% to evade)
The zap hits the phantom!
The phantom hits you.
Aim: a phantom (almost destroyed, 36% to evade)
The zap hits the phantom but does no damage.
The phantom hits you!
* * * LOW HITPOINT WARNING * * *
You hit the phantom but do no damage. The phantom hits you.
* * * LOW HITPOINT WARNING * * *
You barely miss the phantom. The phantom hits you!
You die...

#.#.####.....#
##.#.# #(....#
#....# #.....#
#....####.....##.
#................
.
#....###########.
. #....# #....#
####@# #.W..#
#....# .....#
......# ........
..........
##...##.....


You could see a phantom.

Vanquished Creatures
  An ogre (D:4)
  Robin (D:3)
  3 adders
  4 worms
  A dart slug (D:1)
  2 leopard geckos
  3 orcs (D:3)
  9 bats
  4 giant cockroaches
  20 goblins
  8 hobgoblins
  7 jackals (D:4)
  7 kobolds
  A quokka (D:3)
  5 ball pythons
  4 frilled lizards
  8 rats
88 creatures vanquished.

Vanquished Creatures (others)
  3 plants (D:1)
3 creatures vanquished.

Grand Total: 91 creatures vanquished

Notes
Turn   | Place    | Note
-------+----------+-------------------------------------------
     0 | D:1      | growler the Tengu Air Elementalist began the quest for the
                  | Orb.
     0 | D:1      | Reached XP level 1. HP: 10/10 MP: 4/4
   327 | D:1      | Reached XP level 2. HP: 15/15 MP: 1/6
   381 | D:1      | Learned a level 2 spell: Swiftness
  1028 | D:1      | Reached XP level 3. HP: 19/19 MP: 0/7
  1723 | D:1      | Learned a level 3 spell: Static Discharge
  1923 | D:2      | Reached XP level 4. HP: 24/24 MP: 6/9
  2269 | D:2      | Reached skill level 5 in Air Magic
  2901 | D:3      | Found a bloodstained altar of Trog.
  3522 | D:3      | Gained mutation: You can fly continuously. [Tengu growth]
  3522 | D:3      | Reached XP level 5. HP: 28/28 MP: 8/10
  3919 | D:3      | Noticed Robin
  3924 | D:3      | Killed Robin
  4188 | D:4      | Noticed an ogre
  4194 | D:4      | Killed an ogre
  4349 | D:4      | Reached XP level 6. HP: 32/32 MP: 8/12
  4587 | D:4      | Found Nybryke's Magic Scroll Shoppe.
  4693 | D:4      | Noticed a phantom
  4708 | D:4      | Slain by a phantom

Illustrated notes

Levels and vault maps discovered:
D:1:      elethiomel_arrival_infinity_welcomes_careful_drivers, layout_basic,
          minmay_misc_feat_more_columns, minmay_shallow_snake_nest
D:2:      layout_loops_cross
D:3:      layout_loops_corners, trog_three_pillars_becter, uniq_robin
D:4:      layout_basic, nzn_hepliaklqana_mist_gate, serial_shops, shop_statue

Skill      XL: |  1  2  3  4  5 |
---------------+----------------+-----
Conjurations   | 2 3 4 |  4.5
Air Magic      | 5 |  5.9
Spellcasting   | 3 |  3.5
Dodging        | |  2.1
Stealth        | |  2.0

Action                   |  1- 3 |  4- 6 || total
-------------------------+-------+-------++-------
Melee: Unarmed           |    10 |       ||    10
       Kick              |     2 |     4 ||     6
       Dagger            |       |    17 ||    17
       Trident           |       |     1 ||     1
       Peck              |       |     1 ||     1
 Cast: Shock             |    65 |   113 ||   178
       Static Discharge  |     1 |       ||     1
 Abil: Fly               |       |     1 ||     1
Armor: Robe              |     9 |     4 ||    13
Dodge: Dodged            |    25 |    12 ||    37
